[ AOE2 MATCH · #479865664 ]
UnrankedPersians vs Bohemians
[ REPLAY ANALYSIS · EXTRACTED FROM THE RECORDED GAME ]
Feudal
—
Castle
—
Imperial
—
| APM avg | 0.1 |
| APM peak | 9 |
| eAPM avg | 0.1 |
| Villagers / military | 0 / 0 |
Feudal
—
Castle
—
Imperial
—
| APM avg | 78.5 |
| APM peak | 155 |
| eAPM avg | 67.6 |
| Villagers / military | 466 / 5283 |
Focus
⚔️ 67.2% · 🌾 32.8%
Konnik ×3298 · Militia ×840 · Mangonel ×559 · Scorpion ×437 · Trade Cart ×255 · Trebuchet (Packed) ×98
Feudal
—
Castle
—
Imperial
—
| APM avg | 48.0 |
| APM peak | 147 |
| eAPM avg | 45.2 |
| Villagers / military | 465 / 6740 |
Focus
⚔️ 74.2% · 🌾 25.8%
Camel Scout ×2232 · Hand Cannoneer ×2176 · Mameluke ×1284 · Mangonel ×564 · Trade Cart ×259 · Militia ×244
Feudal
—
Castle
—
Imperial
—
| APM avg | 43.7 |
| APM peak | 299 |
| eAPM avg | 39.7 |
| Villagers / military | 429 / 9802 |
Focus
⚔️ 72.2% · 🌾 27.8%
Mameluke ×4750 · Camel Scout ×2975 · Hand Cannoneer ×1011 · Mangonel ×423 · Scout Cavalry ×370 · Trade Cart ×315
Feudal
—
Castle
—
Imperial
—
| APM avg | 39.8 |
| APM peak | 114 |
| eAPM avg | 36.6 |
| Villagers / military | 505 / 11013 |
Focus
⚔️ 70.0% · 🌾 30.0%
Camel Scout ×9480 · Elephant Archer ×855 · Armored Elephant ×383 · Trade Cart ×330 · Trebuchet (Packed) ×115 · Scout Cavalry ×110
Feudal
—
Castle
—
Imperial
—
| APM avg | 0.1 |
| APM peak | 7 |
| eAPM avg | 0.1 |
| Villagers / military | 0 / 0 |
Match map
Initial resources + every placement click. Lines = walls · curves = elevation contours. ◆ gold · ⬟ stone · ● berries · ✦ relic · ◌ wall gap
Your base· ✓ Map-separated
Happy's base· ✓ Map-separated
pxj140's base· ✓ Map-separated
Player54743114's base· ✓ Map-separated
今年目标日入1000's base· ✓ Map-separated
kaka's base· ✓ Map-separated
Smoothed initial terrain · ◌ = detected wall gap · hover for details
Inputs per minute
— 文和乱武 - - Happy
Build order — 文和乱武
0 actions detected in the replay
Build order — Happy
First 150 of 2814 actions detected
| 0:03 | Create | Villager (Male) |
| 0:03 | Create | Villager (Male) |
| 0:03 | Create | Villager (Male) |
| 0:04 | Create | Villager (Male) |
| 0:04 | Create | Villager (Male) |
| 0:04 | Create | Villager (Male) |
| 0:07 | Build | Town Center |
| 0:07 | Build | Town Center |
| 0:07 | Build | Town Center |
| 0:08 | Build | Town Center |
| 0:09 | Build | Town Center |
| 0:09 | Build | Town Center |
| 0:10 | Build | Town Center |
| 0:10 | Build | Town Center |
| 0:10 | Build | Town Center |
| 0:44 | Create | Villager (Male) |
| 0:44 | Create | Villager (Male) |
| 0:44 | Create | Villager (Male) |
| 0:45 | Create | Villager (Male) |
| 0:45 | Create | Villager (Male) |
| 0:45 | Create | Villager (Male) |
| 0:45 | Create | Villager (Male) |
| 0:46 | Create | Villager (Male) |
| 0:46 | Create | Villager (Male) |
| 0:46 | Create | Villager (Male) |
| 0:46 | Create | Villager (Male) |
| 0:47 | Create | Villager (Male) |
| 0:47 | Create | Villager (Male) |
| 0:47 | Create | Villager (Male) |
| 0:47 | Create | Villager (Male) |
| 1:00 | Build | Market |
| 1:01 | Build | Market |
| 1:04 | Create | Villager (Male) |
| 1:04 | Create | Villager (Male) |
| 1:05 | Create | Villager (Male) |
| 1:05 | Create | Villager (Male) |
| 1:05 | Create | Villager (Male) |
| 1:05 | Create | Villager (Male) |
| 1:06 | Create | Villager (Male) |
| 1:06 | Create | Villager (Male) |
| 1:06 | Create | Villager (Male) |
| 1:06 | Create | Villager (Male) |
| 1:07 | Create | Villager (Male) |
| 1:07 | Create | Villager (Male) |
| 1:07 | Create | Villager (Male) |
| 1:07 | Create | Villager (Male) |
| 1:07 | Create | Villager (Male) |
| 1:08 | Create | Villager (Male) |
| 1:08 | Create | Villager (Male) |
| 1:08 | Create | Villager (Male) |
| 1:08 | Create | Villager (Male) |
| 1:11 | Build | Town Center |
| 1:11 | Build | Town Center |
| 1:11 | Build | Town Center |
| 1:13 | Build | Town Center |
| 1:14 | Build | Town Center |
| 1:15 | Build | Town Center |
| 1:15 | Build | Town Center |
| 1:16 | Build | Town Center |
| 1:16 | Build | Town Center |
| 1:19 | Build | Town Center |
| 1:19 | Build | Town Center |
| 1:19 | Build | Town Center |
| 1:19 | Build | Town Center |
| 1:27 | Create | Villager (Male) |
| 1:27 | Create | Villager (Male) |
| 1:28 | Create | Villager (Male) |
| 1:28 | Create | Villager (Male) |
| 1:28 | Create | Villager (Male) |
| 1:28 | Create | Villager (Male) |
| 1:28 | Create | Villager (Male) |
| 1:29 | Create | Villager (Male) |
| 1:29 | Create | Villager (Male) |
| 1:29 | Create | Villager (Male) |
| 1:29 | Create | Villager (Male) |
| 1:30 | Create | Villager (Male) |
| 1:30 | Create | Villager (Male) |
| 1:30 | Create | Villager (Male) |
| 1:30 | Create | Villager (Male) |
| 1:31 | Create | Villager (Male) |
| 1:31 | Create | Villager (Male) |
| 1:31 | Create | Villager (Male) |
| 1:41 | Build | Stone Wall |
| 1:45 | Build | Stone Wall |
| 1:48 | Build | Stone Wall |
| 1:50 | Build | Stone Wall |
| 1:55 | Create | Villager (Male) |
| 1:55 | Create | Villager (Male) |
| 1:55 | Create | Villager (Male) |
| 1:56 | Create | Villager (Male) |
| 1:56 | Create | Villager (Male) |
| 1:56 | Create | Villager (Male) |
| 1:56 | Create | Villager (Male) |
| 1:57 | Create | Villager (Male) |
| 1:57 | Create | Villager (Male) |
| 1:57 | Create | Villager (Male) |
| 1:57 | Create | Villager (Male) |
| 1:58 | Create | Villager (Male) |
| 1:58 | Create | Villager (Male) |
| 1:58 | Create | Villager (Male) |
| 1:58 | Create | Villager (Male) |
| 1:58 | Create | Villager (Male) |
| 1:59 | Create | Villager (Male) |
| 1:59 | Create | Villager (Male) |
| 1:59 | Create | Villager (Male) |
| 2:13 | Create | Villager (Male) |
| 2:13 | Create | Villager (Male) |
| 2:14 | Create | Villager (Male) |
| 2:14 | Create | Villager (Male) |
| 2:14 | Create | Villager (Male) |
| 2:18 | Build | Town Center |
| 2:18 | Build | Town Center |
| 2:18 | Build | Town Center |
| 2:19 | Build | Town Center |
| 2:19 | Build | Town Center |
| 2:19 | Build | Town Center |
| 2:20 | Build | Town Center |
| 2:21 | Build | Town Center |
| 2:21 | Build | Town Center |
| 2:21 | Build | Town Center |
| 2:22 | Build | Town Center |
| 2:22 | Build | Town Center |
| 3:01 | Create | Villager (Male) |
| 3:01 | Create | Villager (Male) |
| 3:01 | Create | Villager (Male) |
| 3:02 | Create | Villager (Male) |
| 3:02 | Create | Villager (Male) |
| 3:02 | Create | Villager (Male) |
| 3:02 | Create | Villager (Male) |
| 3:03 | Create | Villager (Male) |
| 3:17 | Build | Town Center |
| 3:17 | Build | Town Center |
| 3:18 | Build | Town Center |
| 3:18 | Build | Town Center |
| 3:18 | Build | Town Center |
| 3:19 | Build | Town Center |
| 3:21 | Create | Villager (Male) |
| 3:21 | Create | Villager (Male) |
| 3:21 | Create | Villager (Male) |
| 3:21 | Create | Villager (Male) |
| 3:22 | Create | Villager (Male) |
| 3:22 | Create | Villager (Male) |
| 3:35 | Build | Lumber Camp |
| 3:47 | Build | Market |
| 3:47 | Build | Market |
| 3:47 | Build | Market |
| 3:48 | Build | Market |
| 3:48 | Build | Market |
| 3:48 | Build | Market |
| 3:49 | Build | Market |
Build order — pxj140
First 150 of 4403 actions detected
| 0:01 | Create | Villager (Male) |
| 0:01 | Create | Villager (Male) |
| 0:01 | Create | Villager (Male) |
| 0:02 | Create | Villager (Male) |
| 0:02 | Create | Villager (Male) |
| 0:02 | Create | Villager (Male) |
| 0:02 | Create | Villager (Male) |
| 0:03 | Create | Villager (Male) |
| 0:03 | Create | Villager (Male) |
| 0:03 | Create | Villager (Male) |
| 0:03 | Create | Villager (Male) |
| 0:03 | Create | Villager (Male) |
| 0:04 | Create | Villager (Male) |
| 0:04 | Create | Villager (Male) |
| 0:04 | Create | Villager (Male) |
| 0:04 | Create | Villager (Male) |
| 0:11 | Build | Town Center |
| 0:14 | Build | Town Center |
| 0:16 | Build | Town Center |
| 0:17 | Build | Town Center |
| 0:17 | Build | Town Center |
| 0:18 | Build | Town Center |
| 0:35 | Build | Town Center |
| 0:36 | Build | Town Center |
| 0:37 | Build | Town Center |
| 0:39 | Build | Town Center |
| 0:47 | Build | Town Center |
| 0:48 | Build | Town Center |
| 1:01 | Build | Town Center |
| 1:02 | Build | Town Center |
| 1:17 | Build | Market |
| 1:17 | Build | Market |
| 1:18 | Build | Market |
| 1:21 | Build | Lumber Camp |
| 1:31 | Create | Villager (Male) |
| 1:31 | Create | Villager (Male) |
| 1:31 | Create | Villager (Male) |
| 1:32 | Create | Villager (Male) |
| 1:32 | Create | Villager (Male) |
| 1:32 | Create | Villager (Male) |
| 1:32 | Create | Villager (Male) |
| 1:33 | Create | Villager (Male) |
| 1:33 | Create | Villager (Male) |
| 1:33 | Create | Villager (Male) ×5 |
| 1:33 | Create | Villager (Male) ×5 |
| 1:33 | Create | Villager (Male) |
| 1:34 | Create | Villager (Male) |
| 1:34 | Create | Villager (Male) ×5 |
| 1:34 | Create | Villager (Male) |
| 1:34 | Create | Villager (Male) ×5 |
| 1:35 | Create | Villager (Male) ×5 |
| 1:35 | Create | Villager (Male) |
| 1:35 | Create | Villager (Male) |
| 1:35 | Create | Villager (Male) ×5 |
| 1:36 | Create | Villager (Male) |
| 1:36 | Create | Villager (Male) |
| 1:36 | Create | Villager (Male) |
| 1:45 | Build | Town Center |
| 1:49 | Build | Town Center |
| 2:01 | Build | Town Center |
| 2:11 | Create | Villager (Male) |
| 2:11 | Create | Villager (Male) |
| 2:12 | Create | Villager (Male) |
| 2:12 | Create | Villager (Male) ×5 |
| 2:12 | Create | Villager (Male) ×5 |
| 2:12 | Create | Villager (Male) |
| 2:13 | Create | Villager (Male) |
| 2:13 | Create | Villager (Male) |
| 2:21 | Build | Lumber Camp |
| 2:22 | Build | Lumber Camp |
| 2:24 | Build | Lumber Camp |
| 2:25 | Build | Lumber Camp |
| 2:27 | Build | Lumber Camp |
| 2:28 | Build | Lumber Camp |
| 2:55 | Build | Town Center |
| 3:01 | Create | Villager (Male) |
| 3:01 | Create | Villager (Male) |
| 3:02 | Create | Villager (Male) |
| 3:02 | Create | Villager (Male) |
| 3:02 | Create | Villager (Male) |
| 3:02 | Create | Villager (Male) |
| 3:02 | Create | Villager (Male) |
| 3:03 | Create | Villager (Male) |
| 3:03 | Create | Villager (Male) |
| 3:03 | Create | Villager (Male) |
| 3:03 | Create | Villager (Male) |
| 3:04 | Create | Villager (Male) |
| 3:04 | Create | Villager (Male) |
| 3:09 | Build | Lumber Camp |
| 3:11 | Create | Villager (Male) |
| 3:11 | Create | Villager (Male) |
| 3:12 | Create | Villager (Male) |
| 3:12 | Create | Villager (Male) |
| 3:12 | Create | Villager (Male) |
| 3:12 | Create | Villager (Male) |
| 3:13 | Create | Villager (Male) |
| 3:13 | Create | Villager (Male) |
| 3:14 | Create | Villager (Male) |
| 3:14 | Create | Villager (Male) |
| 3:14 | Create | Villager (Male) |
| 3:14 | Create | Villager (Male) |
| 3:15 | Create | Villager (Male) |
| 3:15 | Create | Villager (Male) |
| 3:20 | Build | House |
| 3:20 | Build | House |
| 3:20 | Build | House |
| 3:20 | Build | House |
| 3:21 | Build | House |
| 3:21 | Build | House |
| 3:21 | Build | House |
| 3:22 | Build | House |
| 3:22 | Build | House |
| 3:23 | Build | House |
| 3:23 | Build | House |
| 3:26 | Build | Lumber Camp |
| 3:27 | Build | Lumber Camp |
| 3:29 | Build | Lumber Camp |
| 3:39 | Build | Town Center |
| 3:42 | Build | Town Center |
| 3:46 | Create | Villager (Male) |
| 3:46 | Create | Villager (Male) |
| 3:46 | Create | Villager (Male) |
| 3:46 | Create | Villager (Male) |
| 3:47 | Create | Villager (Male) |
| 3:47 | Create | Villager (Male) |
| 3:47 | Create | Villager (Male) |
| 3:47 | Create | Villager (Male) |
| 3:48 | Create | Villager (Male) |
| 3:48 | Create | Villager (Male) |
| 3:48 | Create | Villager (Male) |
| 3:48 | Create | Villager (Male) |
| 3:49 | Create | Villager (Male) |
| 3:49 | Create | Villager (Male) |
| 3:49 | Create | Villager (Male) |
| 3:49 | Create | Villager (Male) |
| 3:50 | Create | Villager (Male) |
| 3:50 | Create | Villager (Male) |
| 3:50 | Create | Villager (Male) |
| 3:50 | Create | Villager (Male) |
| 3:51 | Create | Villager (Male) |
| 3:58 | Build | Market |
| 3:58 | Build | Market |
| 3:58 | Build | Market |
| 3:59 | Build | Market |
| 3:59 | Build | Market |
| 3:59 | Build | Market |
| 4:01 | Build | Market |
| 4:02 | Build | Market |
| 4:02 | Build | Market |
| 4:03 | Build | Market |
Build order — Player54743114
First 150 of 2661 actions detected
| 0:15 | Build | Market |
| 0:33 | Build | Town Center |
| 0:37 | Build | Town Center |
| 0:39 | Build | Town Center |
| 0:41 | Build | Town Center |
| 0:43 | Build | Town Center |
| 0:49 | Build | Town Center |
| 1:23 | Build | Town Center |
| 1:30 | Build | Market |
| 1:31 | Build | Market |
| 1:39 | Create | Villager (Male) ×5 |
| 1:40 | Create | Villager (Male) ×5 |
| 1:40 | Create | Villager (Male) ×5 |
| 1:52 | Build | Town Center |
| 1:53 | Build | Town Center |
| 1:54 | Build | Town Center |
| 1:55 | Build | Town Center |
| 1:57 | Build | Town Center |
| 2:36 | Build | Town Center |
| 2:44 | Create | Villager (Male) ×5 |
| 2:44 | Create | Villager (Male) ×5 |
| 2:44 | Create | Villager (Male) ×5 |
| 2:45 | Create | Villager (Male) ×5 |
| 2:45 | Create | Villager (Male) ×5 |
| 2:45 | Create | Villager (Male) ×5 |
| 2:53 | Create | Villager (Male) ×5 |
| 2:54 | Create | Villager (Male) ×5 |
| 2:54 | Create | Villager (Male) ×5 |
| 2:54 | Create | Villager (Male) ×5 |
| 2:54 | Create | Villager (Male) ×5 |
| 2:55 | Create | Villager (Male) ×5 |
| 3:02 | Build | Town Center |
| 3:03 | Build | Town Center |
| 3:04 | Build | Town Center |
| 3:14 | Build | Market |
| 3:15 | Build | Market |
| 3:17 | Build | Market |
| 3:18 | Build | Market |
| 3:19 | Build | Market |
| 3:21 | Build | Market |
| 3:22 | Build | Market |
| 3:24 | Build | Market |
| 3:37 | Create | Trade Cart ×5 |
| 3:37 | Create | Trade Cart ×5 |
| 3:37 | Create | Trade Cart ×5 |
| 3:38 | Create | Trade Cart ×5 |
| 3:38 | Create | Trade Cart ×5 |
| 3:38 | Create | Trade Cart ×5 |
| 3:52 | Build | Town Center |
| 3:53 | Build | Town Center |
| 3:53 | Build | Town Center |
| 3:56 | Build | Town Center |
| 3:57 | Build | Town Center |
| 4:07 | Create | Villager (Male) ×5 |
| 4:07 | Create | Villager (Male) ×5 |
| 4:08 | Create | Villager (Male) ×5 |
| 4:08 | Create | Villager (Male) ×5 |
| 4:09 | Create | Villager (Male) ×5 |
| 4:09 | Create | Villager (Male) ×5 |
| 4:09 | Create | Villager (Male) ×5 |
| 4:16 | Build | Lumber Camp |
| 4:24 | Build | Town Center |
| 4:25 | Build | Town Center |
| 4:34 | Create | Villager (Male) ×5 |
| 4:34 | Create | Villager (Male) ×5 |
| 4:34 | Create | Villager (Male) ×5 |
| 4:35 | Create | Villager (Male) ×5 |
| 4:35 | Create | Villager (Male) ×5 |
| 4:43 | Create | Villager (Male) ×5 |
| 4:43 | Create | Villager (Male) ×5 |
| 4:44 | Create | Villager (Male) ×5 |
| 4:44 | Create | Villager (Male) ×5 |
| 4:51 | Build | Lumber Camp |
| 5:51 | Build | Lumber Camp |
| 5:59 | Create | Villager (Male) ×5 |
| 5:59 | Create | Villager (Male) ×5 |
| 5:59 | Create | Villager (Male) ×5 |
| 6:00 | Create | Villager (Male) ×5 |
| 6:00 | Create | Villager (Male) ×5 |
| 6:00 | Create | Villager (Male) ×5 |
| 6:00 | Create | Villager (Male) ×5 |
| 6:01 | Create | Villager (Male) ×5 |
| 6:01 | Create | Villager (Male) ×5 |
| 6:01 | Create | Villager (Male) ×5 |
| 6:02 | Create | Villager (Male) ×5 |
| 6:02 | Create | Villager (Male) ×5 |
| 6:02 | Create | Villager (Male) ×5 |
| 6:02 | Create | Villager (Male) ×5 |
| 6:03 | Create | Villager (Male) ×5 |
| 6:03 | Create | Villager (Male) ×3 |
| 6:10 | Build | Farm |
| 6:10 | Build | Farm |
| 6:11 | Build | Farm |
| 6:12 | Build | Farm |
| 6:13 | Build | Farm |
| 6:13 | Build | Farm |
| 6:14 | Build | Farm |
| 6:14 | Build | Farm |
| 6:17 | Build | Farm |
| 6:20 | Build | Mill |
| 6:28 | Build | Castle |
| 6:30 | Build | Castle |
| 6:31 | Build | Castle |
| 6:43 | Build | Lumber Camp |
| 6:51 | Create | Villager (Male) ×5 |
| 6:51 | Create | Villager (Male) ×5 |
| 6:52 | Create | Villager (Male) ×5 |
| 6:52 | Create | Villager (Male) ×5 |
| 6:52 | Create | Villager (Male) ×5 |
| 6:53 | Create | Villager (Male) ×5 |
| 6:53 | Create | Villager (Male) ×5 |
| 6:53 | Create | Villager (Male) ×5 |
| 6:53 | Create | Villager (Male) ×5 |
| 6:54 | Create | Villager (Male) |
| 7:14 | Build | House |
| 7:15 | Build | House |
| 7:16 | Build | House |
| 7:17 | Build | House |
| 7:18 | Build | House |
| 7:18 | Build | House |
| 7:18 | Build | House |
| 7:20 | Build | House |
| 7:21 | Build | House |
| 7:34 | Build | Lumber Camp |
| 7:56 | Build | Farm |
| 8:03 | Build | Lumber Camp |
| 8:23 | Create | Villager (Male) ×5 |
| 8:23 | Create | Villager (Male) ×5 |
| 8:23 | Create | Villager (Male) ×5 |
| 8:24 | Create | Villager (Male) ×5 |
| 8:24 | Create | Villager (Male) ×5 |
| 8:24 | Create | Villager (Male) ×5 |
| 8:25 | Create | Villager (Male) ×5 |
| 8:35 | Build | Farm |
| 8:35 | Build | Farm |
| 8:36 | Build | Farm |
| 8:36 | Build | Farm |
| 8:36 | Build | Farm |
| 8:36 | Build | Farm |
| 8:37 | Build | Farm |
| 8:37 | Build | Farm |
| 8:37 | Build | Farm |
| 8:38 | Build | Farm |
| 8:39 | Build | Farm |
| 8:42 | Build | Mill |
| 8:49 | Build | Farm |
| 8:49 | Build | Farm |
| 8:49 | Build | Farm |
| 8:50 | Build | Farm |
| 8:50 | Build | Farm |
Build order — 今年目标日入1000
First 150 of 2871 actions detected
| 0:04 | Create | Villager (Male) ×5 |
| 0:04 | Create | Villager (Male) ×5 |
| 0:04 | Create | Villager (Male) ×5 |
| 0:08 | Build | Town Center |
| 0:10 | Build | Town Center |
| 0:11 | Build | Town Center |
| 0:12 | Build | Town Center |
| 0:14 | Build | Town Center |
| 0:15 | Build | Town Center |
| 0:16 | Build | Town Center |
| 0:17 | Build | Town Center |
| 0:37 | Build | Town Center |
| 0:38 | Build | Town Center |
| 0:42 | Build | Town Center |
| 0:43 | Build | Town Center |
| 0:44 | Build | Town Center |
| 0:46 | Build | Town Center |
| 0:48 | Build | Town Center |
| 0:52 | Build | Town Center |
| 0:59 | Build | Town Center |
| 1:00 | Build | Town Center |
| 1:01 | Build | Town Center |
| 1:02 | Build | Town Center |
| 1:03 | Build | Town Center |
| 1:04 | Build | Town Center |
| 1:06 | Build | Town Center |
| 1:08 | Create | Villager (Male) ×5 |
| 1:09 | Create | Villager (Male) ×5 |
| 1:09 | Create | Villager (Male) ×5 |
| 1:09 | Create | Villager (Male) ×5 |
| 1:16 | Build | Market |
| 1:17 | Build | Market |
| 1:26 | Build | Market |
| 1:27 | Build | Market |
| 1:27 | Build | Market |
| 1:29 | Build | Market |
| 1:31 | Build | Market |
| 1:32 | Build | Market |
| 1:36 | Create | Villager (Male) ×5 |
| 1:36 | Create | Villager (Male) ×5 |
| 1:37 | Create | Villager (Male) ×5 |
| 1:37 | Create | Villager (Male) ×5 |
| 1:38 | Create | Villager (Male) ×5 |
| 1:49 | Build | Lumber Camp |
| 1:51 | Create | Villager (Male) ×5 |
| 1:52 | Create | Villager (Male) ×5 |
| 1:52 | Create | Villager (Male) ×5 |
| 1:59 | Create | Villager (Male) ×5 |
| 1:59 | Create | Villager (Male) ×5 |
| 2:00 | Create | Villager (Male) ×5 |
| 2:26 | Create | Villager (Male) ×5 |
| 2:26 | Create | Villager (Male) ×5 |
| 2:41 | Build | Market |
| 2:42 | Build | Market |
| 2:44 | Build | Market |
| 2:45 | Build | Market |
| 2:47 | Build | Market |
| 2:48 | Build | Market |
| 2:51 | Build | Market |
| 2:53 | Build | Market |
| 2:54 | Build | Market |
| 2:57 | Create | Villager (Male) ×5 |
| 2:57 | Create | Villager (Male) ×5 |
| 2:57 | Create | Villager (Male) ×5 |
| 2:58 | Create | Villager (Male) ×5 |
| 3:23 | Create | Villager (Male) ×5 |
| 3:23 | Create | Villager (Male) ×5 |
| 3:24 | Create | Villager (Male) ×5 |
| 3:24 | Create | Villager (Male) ×5 |
| 3:25 | Create | Villager (Male) ×5 |
| 3:42 | Create | Villager (Male) ×5 |
| 3:43 | Create | Villager (Male) ×5 |
| 3:43 | Create | Villager (Male) ×5 |
| 3:43 | Create | Villager (Male) ×5 |
| 3:44 | Create | Villager (Male) ×5 |
| 3:44 | Create | Villager (Male) ×5 |
| 3:47 | Create | Trade Cart ×5 |
| 3:47 | Create | Trade Cart ×5 |
| 3:47 | Create | Trade Cart ×5 |
| 3:48 | Create | Trade Cart ×5 |
| 3:48 | Create | Trade Cart ×5 |
| 3:48 | Create | Trade Cart ×5 |
| 3:49 | Create | Trade Cart ×5 |
| 3:49 | Create | Trade Cart ×5 |
| 4:12 | Create | Trade Cart ×5 |
| 4:12 | Create | Trade Cart ×5 |
| 4:12 | Create | Trade Cart ×5 |
| 4:13 | Create | Trade Cart ×5 |
| 4:13 | Create | Trade Cart ×5 |
| 4:14 | Create | Villager (Male) ×5 |
| 4:14 | Create | Villager (Male) ×5 |
| 4:15 | Create | Villager (Male) ×5 |
| 4:15 | Create | Villager (Male) ×5 |
| 4:16 | Create | Villager (Male) ×5 |
| 4:16 | Create | Villager (Male) ×5 |
| 5:14 | Create | Villager (Male) ×5 |
| 5:14 | Create | Villager (Male) ×5 |
| 5:15 | Create | Villager (Male) ×5 |
| 5:15 | Create | Villager (Male) ×5 |
| 5:15 | Create | Villager (Male) ×5 |
| 5:38 | Build | House |
| 5:39 | Build | House |
| 5:39 | Build | House |
| 5:39 | Build | House |
| 5:40 | Build | House |
| 5:42 | Build | House |
| 5:43 | Build | House |
| 5:43 | Build | House |
| 5:43 | Build | House |
| 5:44 | Build | House |
| 5:44 | Build | House |
| 5:45 | Build | House |
| 5:46 | Build | House |
| 5:47 | Build | House |
| 5:47 | Build | House |
| 5:48 | Build | House |
| 5:48 | Build | House |
| 5:48 | Build | House |
| 5:49 | Build | House |
| 5:49 | Build | House |
| 5:50 | Build | House |
| 5:50 | Build | House |
| 5:53 | Build | House |
| 5:53 | Build | House |
| 5:53 | Build | House |
| 5:54 | Build | House |
| 5:54 | Build | House |
| 5:54 | Build | House |
| 6:03 | Create | Villager (Male) ×5 |
| 6:03 | Create | Villager (Male) ×5 |
| 6:04 | Create | Villager (Male) ×5 |
| 6:04 | Create | Villager (Male) ×5 |
| 6:04 | Create | Villager (Male) ×5 |
| 6:05 | Create | Villager (Male) ×5 |
| 6:05 | Create | Villager (Male) ×5 |
| 6:06 | Create | Villager (Male) ×5 |
| 6:06 | Create | Villager (Male) ×5 |
| 6:07 | Create | Trade Cart ×5 |
| 6:07 | Create | Trade Cart ×5 |
| 6:07 | Create | Trade Cart ×5 |
| 6:08 | Create | Trade Cart ×5 |
| 6:08 | Create | Trade Cart ×5 |
| 6:09 | Create | Trade Cart ×5 |
| 6:20 | Build | House |
| 6:21 | Build | House |
| 6:21 | Build | House |
| 6:22 | Build | House |
| 6:22 | Build | House |
| 6:22 | Build | House |
| 6:24 | Build | House |
Build order — kaka
0 actions detected in the replay
Match timeline
| 0:09 | 文和乱武 · resign |
| 0:54 | Player54743114 · first_market_buy 100 stone |
| 1:41 | Happy · wall_segment Stone Wall x32 |
| 1:45 | Happy · wall_segment Stone Wall x17 |
| 1:48 | Happy · wall_segment Stone Wall x14 |
| 1:50 | Happy · wall_segment Stone Wall x12 |
| 4:06 | Happy · wall_segment Stone Wall x20 |
| 4:08 | Happy · wall_segment Stone Wall x3 |
| 4:10 | Happy · wall_segment Stone Wall x28 |
| 4:14 | Happy · wall_segment Stone Wall x14 |
| 4:17 | Happy · wall_segment Stone Wall x8 |
| 5:38 | pxj140 · wall_segment Stone Wall x65 |
| 5:45 | pxj140 · wall_segment Stone Wall x17 |
| 5:49 | pxj140 · wall_segment Stone Wall x34 |
| 6:28 | Player54743114 · first_building Castle |
| 7:21 | 今年目标日入1000 · first_building Castle |
| 7:55 | Happy · first_building Monastery |
| 8:16 | pxj140 · wall_segment Stone Wall x12 |
| 8:18 | Happy · wall_segment Stone Wall x32 |
| 8:19 | pxj140 · wall_segment Stone Wall x43 |
| 8:21 | Happy · wall_segment Stone Wall x15 |
| 8:22 | pxj140 · wall_segment Stone Wall x35 |
| 8:25 | Happy · wall_segment Stone Wall x15 |
| 9:39 | 今年目标日入1000 · wall_segment Stone Wall x35 |
| 9:40 | Player54743114 · wall_segment Stone Wall x40 |
| 9:44 | 今年目标日入1000 · wall_segment Stone Wall x39 |
| 9:55 | Happy · first_building Castle |
| 9:55 | pxj140 · first_building Castle |
| 9:57 | Player54743114 · first_building Siege Workshop |
| 10:05 | Happy · first_building Krepost |
| 10:16 | pxj140 · wall_segment Stone Wall x18 |
| 10:16 | Player54743114 · wall_segment Stone Wall x33 |
| 10:20 | 今年目标日入1000 · wall_segment Stone Wall x24 |
| 10:22 | pxj140 · wall_segment Stone Wall x32 |
| 10:24 | 今年目标日入1000 · wall_segment Stone Wall x26 |
| 10:25 | Happy · wall_segment Stone Wall x23 |
| 10:28 | Happy · wall_segment Stone Wall x11 |
| 10:29 | 今年目标日入1000 · wall_segment Stone Wall x17 |
| 10:31 | Happy · wall_segment Stone Wall x13 |
| 10:32 | Happy · wall_segment Stone Wall x12 |
| 10:33 | Player54743114 · first_building Stable |
| 10:35 | Happy · wall_segment Stone Wall x10 |
| 10:38 | Happy · wall_segment Stone Wall x12 |
| 10:39 | Happy · wall_segment Stone Wall x5 |
| 10:47 | Happy · wall_segment Stone Wall x34 |
| 10:52 | pxj140 · wall_segment Stone Wall x49 |
| 10:52 | Happy · wall_segment Stone Wall x4 |
| 10:55 | Happy · wall_segment Stone Wall x14 |
| 10:58 | pxj140 · wall_segment Stone Wall x32 |
| 10:59 | Happy · wall_segment Stone Wall x19 |
| 11:02 | Happy · wall_segment Stone Wall x34 |
| 11:06 | Happy · wall_segment Stone Wall x23 |
| 11:37 | pxj140 · wall_segment Stone Wall x105 |
| 12:01 | pxj140 · first_building Siege Workshop |
| 12:04 | pxj140 · first_building Stable |
| 12:10 | pxj140 · first_building Archery Range |
| 12:39 | pxj140 · wall_segment Stone Wall x19 |
| 12:58 | Player54743114 · wall_segment Stone Wall x53 |
| 13:01 | Happy · first_building Siege Workshop |
| 13:33 | Happy · first_building Archery Range |
| 13:37 | Happy · first_building Barracks |
| 13:46 | Player54743114 · wall_segment Stone Wall x20 |
| 13:55 | 今年目标日入1000 · first_building Stable |
| 14:08 | Player54743114 · first_building Archery Range |
| 15:07 | 今年目标日入1000 · wall_segment Stone Wall x77 |
| 16:04 | pxj140 · wall_segment Stone Wall x20 |
| 16:09 | pxj140 · wall_segment Stone Wall x32 |
| 16:13 | pxj140 · wall_segment Stone Wall x9 |
| 16:13 | 今年目标日入1000 · first_building Siege Workshop |
| 16:32 | Happy · wall_segment Stone Wall x13 |
| 16:32 | 今年目标日入1000 · first_building Archery Range |
| 16:33 | pxj140 · wall_segment Stone Wall x19 |
| 16:35 | Happy · wall_segment Stone Wall x34 |
| 16:39 | Happy · wall_segment Stone Wall x11 |
| 16:54 | pxj140 · wall_segment Stone Wall x36 |
| 17:38 | Happy · first_market_buy 100 stone |
| 17:39 | pxj140 · first_building Monastery |
| 17:45 | pxj140 · wall_segment Stone Wall x1 |
| 17:49 | pxj140 · wall_segment Stone Wall x20 |
| 18:47 | pxj140 · wall_segment Stone Wall x23 |
| 19:05 | Happy · wall_segment Stone Wall x7 |
| 19:08 | Happy · wall_segment Stone Wall x17 |
| 19:09 | Happy · wall_segment Stone Wall x4 |
| 19:12 | Happy · wall_segment Stone Wall x10 |
| 19:13 | Happy · wall_segment Stone Wall x10 |
| 19:20 | pxj140 · wall_segment Stone Wall x16 |
| 19:24 | pxj140 · wall_segment Stone Wall x23 |
| 19:34 | pxj140 · wall_segment Stone Wall x8 |
| 20:48 | pxj140 · first_building Barracks |
| 22:48 | Happy · wall_segment Stone Wall x6 |
| 24:01 | pxj140 · wall_segment Stone Wall x18 |
| 25:07 | pxj140 · wall_segment Stone Wall x15 |
| 27:53 | pxj140 · wall_segment Stone Wall x4 |
| 27:55 | pxj140 · wall_segment Stone Wall x12 |
| 28:26 | pxj140 · wall_segment Stone Wall x3 |
| 28:28 | pxj140 · wall_segment Stone Wall x2 |
| 31:21 | Happy · wall_segment Stone Wall x39 |
| 33:31 | Happy · wall_segment Stone Wall x4 |
| 33:33 | Happy · wall_segment Stone Wall x5 |
| 34:47 | Player54743114 · wall_segment Stone Wall x16 |
| 36:08 | Happy · wall_segment Stone Wall x11 |
| 39:49 | pxj140 · wall_segment Stone Wall x18 |
| 40:21 | pxj140 · wall_segment Stone Wall x14 |
| 41:05 | pxj140 · wall_segment Stone Wall x1 |
| 42:20 | pxj140 · wall_segment Stone Wall x21 |
| 42:46 | Player54743114 · wall_segment Stone Wall x10 |
| 43:57 | pxj140 · wall_segment Stone Wall x3 |
| 43:58 | pxj140 · wall_segment Stone Wall x7 |
| 44:23 | Player54743114 · wall_segment Stone Wall x26 |
| 49:33 | pxj140 · wall_segment Stone Wall x19 |
| 49:56 | Player54743114 · first_building Monastery |
| 50:45 | pxj140 · wall_segment Stone Wall x20 |
| 50:54 | pxj140 · first_market_buy 100 stone |
| 51:12 | Happy · tribute_sent a jugador 2 |
| 51:12 | Happy · tribute_sent a jugador 3 |
| 51:12 | Happy · tribute_sent a jugador 4 |
| 51:12 | Happy · tribute_sent a jugador 5 |
| 51:12 | Happy · tribute_sent a jugador 6 |
| 52:18 | Happy · tribute_sent a jugador 2 |
| 52:18 | Happy · tribute_sent a jugador 3 |
| 52:18 | Happy · tribute_sent a jugador 4 |
| 52:18 | Happy · tribute_sent a jugador 5 |
| 52:18 | Happy · tribute_sent a jugador 6 |
| 53:26 | Player54743114 · wall_segment Stone Wall x1 |
| 55:38 | pxj140 · wall_segment Stone Wall x11 |
| 58:59 | Player54743114 · wall_segment Stone Wall x15 |
| 65:33 | pxj140 · wall_segment Stone Wall x11 |
| 70:02 | pxj140 · wall_segment Stone Wall x1 |
| 70:08 | pxj140 · wall_segment Stone Wall x17 |
| 71:42 | pxj140 · wall_segment Stone Wall x1 |
| 71:58 | pxj140 · wall_segment Stone Wall x36 |
| 73:12 | Happy · wall_segment Stone Wall x15 |
| 73:30 | pxj140 · wall_segment Stone Wall x1 |
| 73:31 | pxj140 · wall_segment Stone Wall x1 |
| 74:11 | pxj140 · wall_segment Stone Wall x21 |
| 74:53 | pxj140 · wall_segment Stone Wall x24 |
| 76:32 | pxj140 · wall_segment Stone Wall x4 |
| 76:34 | pxj140 · wall_segment Stone Wall x12 |
| 76:35 | Happy · tribute_sent a jugador 2 |
| 76:35 | Happy · tribute_sent a jugador 3 |
| 76:35 | Happy · tribute_sent a jugador 4 |
| 76:35 | Happy · tribute_sent a jugador 5 |
| 76:35 | Happy · tribute_sent a jugador 6 |
| 78:40 | 今年目标日入1000 · wall_segment Stone Wall x12 |
| 78:46 | 今年目标日入1000 · wall_segment Stone Wall x20 |
| 81:32 | pxj140 · tribute_sent a jugador 1 |
| 81:32 | pxj140 · tribute_sent a jugador 3 |
| 81:32 | pxj140 · tribute_sent a jugador 4 |
| 81:32 | pxj140 · tribute_sent a jugador 5 |
| 81:32 | pxj140 · tribute_sent a jugador 6 |
| 88:06 | 今年目标日入1000 · wall_segment Stone Wall x18 |
| 88:11 | 今年目标日入1000 · wall_segment Stone Wall x35 |
| 88:15 | 今年目标日入1000 · wall_segment Stone Wall x28 |
| 89:01 | pxj140 · wall_segment Stone Wall x11 |
| 89:04 | pxj140 · wall_segment Stone Wall x9 |
| 89:15 | 今年目标日入1000 · wall_segment Stone Wall x68 |
| 89:18 | 今年目标日入1000 · wall_segment Stone Wall x27 |
| 89:57 | Happy · tribute_sent a jugador 2 |
| 89:57 | Happy · tribute_sent a jugador 3 |
| 89:57 | Happy · tribute_sent a jugador 4 |
| 89:57 | Happy · tribute_sent a jugador 5 |
| 89:57 | Happy · tribute_sent a jugador 6 |
| 92:20 | 今年目标日入1000 · wall_segment Stone Wall x73 |
| 92:22 | 今年目标日入1000 · wall_segment Stone Wall x15 |
| 93:44 | 今年目标日入1000 · wall_segment Stone Wall x74 |
| 93:46 | 今年目标日入1000 · wall_segment Stone Wall x6 |
| 93:49 | 今年目标日入1000 · wall_segment Stone Wall x28 |
| 97:02 | pxj140 · tribute_sent a jugador 1 |
| 97:02 | pxj140 · tribute_sent a jugador 3 |
| 97:02 | pxj140 · tribute_sent a jugador 4 |
| 97:02 | pxj140 · tribute_sent a jugador 5 |
| 97:02 | pxj140 · tribute_sent a jugador 6 |
| 98:59 | pxj140 · wall_segment Stone Wall x5 |
| 99:06 | 今年目标日入1000 · wall_segment Stone Wall x25 |
| 99:50 | pxj140 · wall_segment Stone Wall x29 |
| 99:56 | pxj140 · wall_segment Stone Wall x10 |
| 100:00 | pxj140 · wall_segment Stone Wall x17 |
| 100:02 | pxj140 · wall_segment Stone Wall x7 |
| 100:03 | pxj140 · wall_segment Stone Wall x16 |
| 101:56 | pxj140 · wall_segment Stone Wall x20 |
| 102:00 | pxj140 · wall_segment Stone Wall x15 |
| 103:02 | 今年目标日入1000 · wall_segment Stone Wall x45 |
| 103:05 | 今年目标日入1000 · wall_segment Stone Wall x22 |
| 103:31 | pxj140 · wall_segment Stone Wall x17 |
| 103:33 | pxj140 · wall_segment Stone Wall x8 |
| 109:00 | pxj140 · wall_segment Stone Wall x24 |
| 109:04 | pxj140 · wall_segment Stone Wall x10 |
| 109:30 | pxj140 · wall_segment Stone Wall x18 |
| 113:10 | pxj140 · tribute_sent a jugador 1 |
| 113:10 | pxj140 · tribute_sent a jugador 3 |
| 113:10 | pxj140 · tribute_sent a jugador 4 |
| 113:10 | pxj140 · tribute_sent a jugador 5 |
| 113:10 | pxj140 · tribute_sent a jugador 6 |
| 115:09 | 今年目标日入1000 · wall_segment Stone Wall x61 |
| 123:54 | Player54743114 · wall_segment Stone Wall x42 |
| 126:51 | pxj140 · tribute_sent a jugador 1 |
| 126:51 | pxj140 · tribute_sent a jugador 3 |
| 126:51 | pxj140 · tribute_sent a jugador 4 |
| 126:51 | pxj140 · tribute_sent a jugador 5 |
| 126:51 | pxj140 · tribute_sent a jugador 6 |
| 126:52 | Player54743114 · wall_segment Stone Wall x35 |
| 127:22 | Happy · tribute_sent a jugador 2 |
| 127:22 | Happy · tribute_sent a jugador 3 |
| 127:22 | Happy · tribute_sent a jugador 4 |
| 127:22 | Happy · tribute_sent a jugador 5 |
| 127:22 | Happy · tribute_sent a jugador 6 |
| 127:23 | pxj140 · tribute_sent a jugador 1 |
| 127:23 | pxj140 · tribute_sent a jugador 3 |
| 127:23 | pxj140 · tribute_sent a jugador 4 |
| 127:23 | pxj140 · tribute_sent a jugador 5 |
| 127:24 | pxj140 · tribute_sent a jugador 6 |
| 127:57 | Happy · wall_segment Stone Wall x13 |
| 127:59 | Happy · wall_segment Stone Wall x1 |
| 130:13 | pxj140 · wall_segment Stone Wall x12 |
| 131:39 | Player54743114 · wall_segment Stone Wall x14 |
| 133:24 | Player54743114 · wall_segment Stone Wall x15 |
| 133:33 | Player54743114 · wall_segment Stone Wall x28 |
| 136:04 | Player54743114 · wall_segment Stone Wall x18 |
[ AI ANALYSIS · 1 CREDIT ]
What really happened in this match?
Wolo.gg analyzes every decision: build order, eco, micro, common mistakes by bracket. Personalized analysis on WhatsApp or Discord in 30 seconds.
Civ guide
Persians
Map guide
Michi
Perfil
文和乱武